 Dungeon Crawl Stone Soup version 0.26.1-11-gd32895ea62 (webtiles) character file.

Game seed: 3724455721476536814

18 jlumianski the Caller (level 2, 0/11 HPs)
             Began as a Felid Summoner on May 21, 2021.
             Succumbed to a goblin's poison
             ... on level 1 of the Dungeon.
             The game lasted 00:05:04 (1278 turns).

jlumianski the Caller (Felid Summoner)              Turns: 1278, Time: 00:05:04

Health: 0/11       AC:  1    Str:  3 (4)  XL:     2   Next: 48%
Magic:  2/6        EV: 18    Int: 15 (16) God:
Gold:   40         SH:  0    Dex: 15 (16) Spells: 2/5 levels left
                                        Lives:  0   Deaths: 0

rFire    . . .     SeeInvis +   (weapon unavailable)
rCold    . . .     Faith    .   (shield unavailable)
rNeg     . . .     Spirit   .   (armour unavailable)
rPois    .         Reflect  .   (helmet unavailable)
rElec    .         Harm     .   (cloak unavailable)
rCorr    .         Rampage  .   (gloves unavailable)
Will     .....                  (boots unavailable)
Stlth    +++.......             (no amulet)
HPRegen  0.03/turn              (no ring)
MPRegen  0.10/turn              (no ring)

@: lethally poisoned (0 -> -24), very slightly contaminated, quick
A: very small, no armour, no weapons or thrown items, stealth, claws 1, fangs 3,
see invisible, speed 1, shaggy fur 1, sharp paws
a: no special abilities


You were on level 1 of the Dungeon.
You visited 1 branch of the dungeon, and saw 1 of its levels.

You collected 40 gold pieces.

Inventory:

Scrolls
 a - a scroll of noise {unknown}
 b - a scroll of remove curse
 e - a scroll of enchant weapon {unknown}
 f - a scroll of immolation {unknown}
 g - a scroll of teleportation {unknown}
Potions
 d - a potion of flight {unknown}
 h - a potion of curing {unknown}


   Skills:
 + Level 2.8 Dodging
 + Level 3.2 Stealth
 + Level 2.3 Spellcasting
 + Level 4.3 Summonings


You had 2 spell levels left.
You knew the following spells:

 Your Spells              Type           Power        Failure   Level
a - Summon Small Mammal   Summ           56%          3%          1
b - Call Imp              Summ           14%          5%          2

Your spell library contained the following spells:

 Spells                   Type           Power        Failure   Level
 Call Canine Familiar     Summ           14%          11%         3
 Summon Guardian Golem    Hex/Summ       8%           26%         3
 Summon Ice Beast         Ice/Summ       8%           65%         4
 Summon Lightning Spire   Summ/Air       8%           65%         4


Dungeon Overview and Level Annotations

Branches:
Dungeon (1/15)

Altars:


Innate Abilities, Weirdness & Mutations

You cannot wear armour.
You are incapable of wielding weapons or throwing items.
Your paws allow you to move quietly. (Stealth)
You have sharp claws.
You have razor-sharp teeth.
You have supernaturally acute eyesight. (SInv)
You cover ground quickly.
You are covered in fur. (AC +1)
Your sharp claws are effective at attacking unaware monsters.


Message History

You are lethally poisoned!
Casting: Call Imp (safe; 5% risk of failure)
Confirm with . or Enter, or press ? or * to list all spells.
You miscast Summon Small Mammal.
You are very lightly contaminated with residual magic.
Nothing appears to happen.
You feel sick. The goblin closely misses you.
Casting: Summon Small Mammal (safe; 3% risk of failure)
Confirm with . or Enter, or press ? or * to list all spells.
You feel sick.
The goblin hits you with a +1 dagger of venom.
* * * LOW HITPOINT WARNING * * *
You are more poisoned.
Your iron imp hits the goblin!
The goblin dies!
* * * LOW HITPOINT WARNING * * *
You feel sick.
It was a potion of degeneration.
There was something very wrong with that liquid.
You feel weakened.
You feel dopey.
You feel clumsy.
You die...

#### #.. #5# #### #.#.. ...#
#@#.# ...########### #r#.# ###
......))(((..# #.#.# #..
..#......###.###.#.# #.#
..#......# #..##.#.# #.#
.##......####.##.#.############.#
.+...............................
.##......#####.#.###########.##.#
.##......# #.#.#....# #.##.#


You could see a friendly iron imp (summoned) and a friendly quokka (summoned).

Vanquished Creatures
  A kobold (D:1)
  A bat (D:1)
2 creatures vanquished.

Vanquished Creatures (collateral kills)
  A dart slug (D:1)
  A leopard gecko (D:1)
  A giant cockroach (D:1)
  4 goblins (D:1)
  2 hobgoblins (D:1)
  5 bats (D:1)
  5 kobolds (D:1)
  A rat (D:1)
20 creatures vanquished.

Grand Total: 22 creatures vanquished

Notes
Turn   | Place    | Note
-------+----------+-------------------------------------------
     0 | D:1      | jlumianski the Felid Summoner began the quest for the Orb.
     0 | D:1      | Reached XP level 1. HP: 7/7 MP: 4/4
   496 | D:1      | Reached XP level 2. HP: 11/11 MP: 0/6
   560 | D:1      | Learned a level 2 spell: Call Imp
  1278 | D:1      | Succumbed to a goblin's poison

Illustrated notes

Levels and vault maps discovered:
D:1:      evilmike_arrival_grusome_pit, layout_basic, skrybe_limestone_x,
          grunt_decor_junction, st_stairs_8, minivault_5

Skill      XL: |  1 |
---------------+----+-----
Stealth        | 3 |  3.2
Dodging        | |  2.8
Spellcasting   | |  2.3
Summonings     | |  4.3

Action                   || total
-------------------------++-------
Melee: Unarmed           ||     7
 Cast: Summon Small Mamm ||    43
       Call Imp          ||     6
  Use: Scroll            ||     1
       Potion            ||     1
 Stab: Sleeping          ||     2
Armor: Skin              ||     4
Dodge: Dodged            ||    52
